[Event "Team 45 45 League T27"]
[Site "Free Internet Chess Server"]
[Date "PDT.07.0"]
[Round "3"]
[White "jerryrab"]
[Black "hotjazz"]
[Result "1-0"]
[WhiteElo "1338"]
[BlackElo "1448"]
[TimeControl "2700+45"]

1. e4 c6 2. Nc3 e6 3. d4 d5 4. e5 Bb4 5. Bd2 Ba5 6. Na4 Bxd2+ 7. Qxd2 Ne7 8. Nf3 O-O 9. O-O-O Nd7 10. Qd3 Nf5 11. g4 Nh6 12. h3 a6 13. Nc5 Nb6 14. b3 Kh8 15. Be2 a5 16. Na4 Nd7 17. g5 Ng8 18. h4 Qe7 19. g6 fxg6 20. Ng5 Nb8 21. Rdg1 Qa3+ 22. Kb1 b5 23. Nb2 Ba6 24. Nxe6 Rf7 25. Nd8 b4 26. Qd1 Nh6 27. Nxf7+ Nxf7 28. h5 g5 29. Bg4 Bb7 30. Be6 Nd8 31. Qg4 h6 32. Qf5 Na6 33. Qg6 Nc7 34. Bf5 Nb5 35. Qh7#   {Black checkmated} 1-0

[Event "Team 45 45 League T27"]
[Site "Free Internet Chess Server"]
[Date "PDT.07.0"]
[Round "3"]
[White "chesstalker"]
[Black "EyeAm"]
[Result "0-1"]
[WhiteElo "1361"]
[BlackElo "1311"]
[TimeControl "2700+45"]

1. e4 e5 2. Bc4 Nf6 3. d3 d6 4. Nc3 c6 5. Bg5 Be7 6. Qd2 O-O 7. Nf3 Bd7 8. O-O b5 9. Bb3 a5 10. a3 a4 11. Ba2 Bg4 12. Qe3 Na6 13. Rad1 c5 14. Nxb5 Rb8 15. Bc4 Bd7 16. Nc3 Nc7 17. b3 axb3 18. cxb3 Nb5 19. Qc1 Nxc3 20. Qxc3 Bb5 21. a4 Bxc4 22. Qxc4 Qd7 23. Rfe1 Rb4 24. Qc3 Rfb8 25. Nd2 h6 26. Bh4 g5 27. Bg3 Nh5 28. Re3 Nxg3 29. Rxg3 f6 30. Rh3 Kh7 31. Rf3 Bd8 32. Rb1 Ra8 33. Ra1 Qe7 34. Rh3 Ba5 35. Qc2 Rd4 36. Nc4 Qe6 37. Ne3 Rb8 38. Rb1 Rdb4 39. Nf5 Rxb3 40. Rxh6+ Kg8 41. Rg6+ Kf8 42. h3 Rxb1+ 43. Kh2 R8b2 44. Qc4 Qxc4 45. dxc4 Rxf2 46. Rxf6+ Ke8 47. Ng7+ Ke7 48. Rxf2 Rb4 49. Nf5+ Ke6 50. Ne3 Rxa4 51. Rf3 Bd2 52. Nf1 Ra2 53. Nxd2 Rxd2 54. Rf5 Rd4 55. Rxg5 Rxc4 56. Rg4 Rd4 57. h4 c4 58. h5 c3 59. h6 c2 60. Rg6+ Kf7 61. Rg7+ Kf6 62. Rc7 Kg6 63. Rxc2 Kxh6 64. Rc6 Kg5 65. Kg3 Rxe4 66. Rxd6 Rg4+ 67. Kf2 Rf4+ 68. Ke3 Rg4 69. Kf3 Rf4+ 70. Ke3 Rg4 71. Kf2 Rf4+ 72. Ke3 Rg4 73. Re6 Kf5 74. Rh6 Rxg2 75. Rh5+ Rg5 76. Rxg5+ Kxg5 77. Ke4 Kf6 78. Ke3 Kf5 79. Ke2 Kf4 80. Kf2 e4 81. Ke2 e3 82. Kf1 Kf3 83. Ke1 e2 84. Kd2 Kf2   {White resigns} 0-1

[Event "Team 45 45 League T27"]
[Site "Free Internet Chess Server"]
[Date "2005.06.30"]
[Round "3"]
[White "bahus"]
[Black "MidKnightBlue"]
[Result "1-0"]
[WhiteElo "1802"]
[BlackElo "1748"]
[TimeControl "2700+45"]

1. e4 c5 2. d4 cxd4 3. c3 Nf6 4. e5 Nd5 5. Nf3 d6 6. Bb5+ Bd7 7. Bxd7+ Nxd7 8. exd6 e6 9. Qxd4 Bxd6 10. Qxg7 Qf6 11. Qxf6 N5xf6 12. Be3 Ng4 13. Nbd2 Nxe3 14. fxe3 Rg8 15. g3 Rc8 16. Rf1 Nf6 17. Ke2 b5 18. a4 b4 19. c4 a5 20. b3 Rd8 21. Nd4 Be5 22. N2f3 Bxd4 23. exd4 Ne4 24. Rae1 Rg4 25. Kd3 Nc3 26. Re5 Ra8 27. Rg5 Rxg5 28. Nxg5 Ra7 29. Nxh7 Ke7 30. Nf6 Ra8 31. h4 e5 32. d5 Rf8 33. g4 Rh8 34. h5 Kd6 35. Ne4+ Nxe4 36. Kxe4 Rg8 37. Kf5 f6 38. h6 Rg5+ 39. Kxf6 Rxg4 40. Rh1 Rf4+ 41. Kg5 Rf8 42. h7 Kc5 43. h8=Q Rxh8 44. Rxh8 e4 45. Re8 Kd4 46. d6 e3 47. d7 e2 48. d8=Q+ Kc3 49. Re3+ Kb2 50. Rxe2+ Ka3 51. Re3 Kb2 52. Qd4+   {Black resigns} 1-0

[Event "Team 45 45 League T27"]
[Site "Free Internet Chess Server"]
[Date "PDT.07.0"]
[Round "3"]
[White "TheTactician"]
[Black "Xeones"]
[Result "0-1"]
[WhiteElo "1808"]
[BlackElo "1781"]
[TimeControl "2700+45"]

1. e4 e5 2. f4 exf4 3. Nf3 g5 4. Bc4 Bg7 5. h4 h6 6. d4 d6 7. hxg5 hxg5 8. Rxh8 Bxh8 9. Nc3 Nc6 10. g3 g4 11. Bxf4 gxf3 12. Qxf3 Nxd4 13. Qh5 Qf6 14. Nd5 Nxc2+ 15. Kf1 Qg7 16. Nxc7+ Kd7 17. Rd1 Ne3+ 18. Bxe3 Kxc7 19. Bf4 Bh3+ 20. Qxh3 Rd8 21. Qf5 Qf6 22. Qc5+ Kb8 23. Kg1 Ne7 24. Rxd6 Rxd6 25. Bxd6+ Ka8 26. e5 Qg5 27. Bxe7 Qxg3+ 28. Kf1 Qf4+ 29. Ke2 Qe4+ 30. Kd2 Qf4+ 31. Kc2 Bxe5 32. Qc8+ Bb8 33. Bd5 Qf2+ 34. Kb3 Qe3+ 35. Kc4 Qc1+   {White resigns} 0-1

[Event "Team 45 45 League T27"]
[Site "Free Internet Chess Server"]
[Date "PDT.07.0"]
[Round "3"]
[White "sidiAhmed"]
[Black "JBFelo"]
[Result "0-1"]
[WhiteElo "1780"]
[BlackElo "1972"]
[TimeControl "2700+45"]

1. d4 Nf6 2. c4 g6 3. Nc3 d5 4. Nf3 Bg7 5. e3 O-O 6. Be2 b6 7. cxd5 Nxd5 8. e4 Nxc3 9. bxc3 c5 10. O-O Nc6 11. Bb2 Bb7 12. d5 Na5 13. Rb1 f5 14. Ng5 fxe4 15. Ne6 Qxd5 16. Qxd5 Bxd5 17. Nxf8 Rxf8 18. a3 Bc4 19. Rfe1 Rd8 20. Rbd1 Bd3 21. Bg4 Kf7 22. Rxe4 Rd6 23. Re3 c4 24. Rde1 e5 25. f3 Nc6 26. Ra1 Bh6 27. Ree1 Bd2 28. Red1 Be2 29. Rdb1 Ne7 30. Bc1 Bxc3 31. Ra2 Bd4+ 32. Kh1 Bd3 33. Rb4 Bc5 34. Rb5 h5 35. Bh3 Bc2 36. g3 Rd1+ 37. Kg2 Rg1#   {White checkmated} 0-1

[Event "Team 45 45 League T27"]
[Site "Free Internet Chess Server"]
[Date "PDT.07.0"]
[Round "3"]
[White "DarkKing"]
[Black "motaka"]
[Result "0-1"]
[WhiteElo "1718"]
[BlackElo "1776"]
[TimeControl "2700+45"]

1. e4 e6 2. d4 d5 3. exd5 exd5 4. Nf3 Bd6 5. Bd3 Nc6 6. O-O Nge7 7. Bg5 f6 8. Be3 Bg4 9. Nbd2 Qd7 10. c3 O-O 11. h3 Bh5 12. Qc2 Bg6 13. h4 Qg4 14. Rfe1 Bxd3 15. Qxd3 Ng6 16. Re2 Nce7 17. g3 Nf5 18. Nh2 Qh3 19. Ndf3 Ngxh4 20. Ne1 Rae8 21. Nf1 Re4 22. f3 Nxe3 23. fxe4 Qxf1+ 24. Kh2 Ng4#   {White checkmated} 0-1

[Event "Team 45 45 League T27"]
[Site "Free Internet Chess Server"]
[Date "PDT.07.0"]
[Round "3"]
[White "Aul"]
[Black "zandree"]
[Result "0-1"]
[WhiteElo "1559"]
[BlackElo "1315"]
[TimeControl "2700+45"]

1. d4 d5 2. e3 e6 3. Bd3 Nc6 4. c3 Nf6 5. Nd2 e5 6. dxe5 Nxe5 7. Bc2 Bg4 8. f3 Bh5 9. g4 Bg6 10. Ba4+ c6 11. h3 Nd3+ 12. Kf1 d4 13. exd4 Nd5 14. Ne4 Nxc1 15. Rxc1 Ne3+ 16. Kf2 Nxd1+ 17. Rxd1 f5 18. Ng3 Qh4 19. Ne2 Bd6 20. Rhe1 O-O 21. Kg2 Rae8 22. d5 Rxe2+ 23. Nxe2 Re8 24. dxc6 Rxe2+ 25. Rxe2 Qg3+ 26. Kf1 Qxf3+ 27. Rf2 Qxh3+ 28. Kg1 Qxg4+ 29. Rg2 Bc5+ 30. Kh1 Qxa4 31. Rd8+ Bf8 32. cxb7 Qh4+ 33. Kg1 Qxd8 34. Rd2 Qg5+ 35. Kf1 Qxd2 36. b8=Q Qd1+ 37. Kf2 Qd2+ 38. Kg1 Qe3+ 39. Kh2 Qf2+ 40. Kh3 f4 41. Qc8 Qg3#   {White checkmated} 0-1

[Event "Team 45 45 League T27"]
[Site "Free Internet Chess Server"]
[Date "PDT.07.0"]
[Round "3"]
[White "SabuesoMaster"]
[Black "TripleCheck"]
[Result "0-1"]
[WhiteElo "1935"]
[BlackElo "2127"]
[TimeControl "2700+45"]

1. c4 e5 2. Nc3 Nf6 3. g3 Bb4 4. Bg2 O-O 5. Nf3 Re8 6. O-O c6 7. a3 Bxc3 8. dxc3 d6 9. Bg5 h6 10. Bxf6 Qxf6 11. Nd2 Bf5 12. e4 Be6 13. f4 exf4 14. gxf4 Qe7 15. f5 Bc8 16. f6 Qe5 17. fxg7 Be6 18. Qf3 Nd7 19. Qf4 Kxg7 20. Qxe5+ Nxe5 21. b3 a5 22. a4 Bg4 23. Rf4 Bh5 24. h3 Nd3 25. Rh4 Bg6 26. Rg4 Re5 27. Rg3 Nc5 28. Rg4 Rg5 29. Rf4 Rg3 30. Rf3 Rxf3 31. Bxf3 Re8 32. b4 axb4 33. cxb4 Nxe4 34. Nxe4 Bxe4 35. Re1 d5 36. cxd5 cxd5 37. Kf2 f5 38. Rc1 Kf6 39. Rc7 Re7 40. Rc5 Ke5 41. b5 Kf4 42. Be2 Rg7 43. Bf1 Rg3 44. Rc7 d4 45. Rd7 Rf3+ 46. Kg1 Ke3 47. a5 d3 48. Bxd3 Bxd3 49. Rxb7 Be4 50. Rc7 Rg3+ 51. Kf1 Bd3+   {White resigns} 0-1

[Event "Team 45 45 League T27"]
[Site "Free Internet Chess Server"]
[Date "PDT.07.0"]
[Round "3"]
[White "gracey"]
[Black "maeck"]
[Result "1/2-1/2"]
[WhiteElo "2053"]
[BlackElo "1920"]
[TimeControl "2700+45"]

1. d4 Nf6 2. c4 e6 3. Nf3 d5 4. Nc3 Be7 5. Bg5 h6 6. Bh4 O-O 7. e3 Ne4 8. Bxe7 Qxe7 9. cxd5 Nxc3 10. bxc3 exd5 11. Qb3 c6 12. Bd3 Nd7 13. O-O Nf6 14. Ne5 Ne4 15. Bxe4 dxe4 16. Ng6 Qe6 17. Nxf8 Kxf8 18. Rfb1 b6 19. Qa3+ Qe7 20. Qxe7+ Kxe7 21. Kf1 Ba6+ 22. Ke1 Bd3 23. Rc1 b5 24. Kd2 a6 25. a4 bxa4 26. Rxa4 Rb8 27. Rb4 Rxb4 28. cxb4 Bb5 29. Rc5 f6 30. f3 exf3 31. gxf3 Kd7 32. f4 g6 33. f5 g5 34. e4 Bf1 35. e5 Bg2 36. e6+ Kd6 37. Rc3 h5 38. Ra3 Bf1 39. Re3 Ke7 40. Ke1 Bc4 41. Kd1 Bd5 42. Kd2 h4 43. h3 Bg2 44. Ke2 Bd5 45. Kf2 Bc4 46. Kf3 Bf1 47. Kg4 Bc4 48. Kh5 Bf1 49. Rc3 Bg2 50. Ra3 Bf1 51. Re3 Bc4 52. Rc3 Bd5 53. Kg4   {Game drawn by mutual agreement} 1/2-1/2

[Event "Team 45 45 League T27"]
[Site "Free Internet Chess Server"]
[Date "PDT.07.0"]
[Round "3"]
[White "Doubleletter"]
[Black "javamanissa"]
[Result "1/2-1/2"]
[WhiteElo "1738"]
[BlackElo "1817"]
[TimeControl "2700+45"]

1. d4 d5 2. Nf3 Nf6 3. c4 c6 4. cxd5 cxd5 5. Bf4 Nc6 6. a3 Qb6 7. b4 a5 8. bxa5 Qb2 9. Nbd2 Nxd4 10. Nxd4 Qxd4 11. Bc7 Bf5 12. Bb6 Qc3 13. e3 Rc8 14. Bb5+ Bd7 15. Bxd7+ Nxd7 16. O-O Nxb6 17. axb6 e6 18. Rc1 Qxc1 19. Qxc1 Rxc1 20. Rxc1 Kd7 21. Rc7+ Kd6 22. Rxb7 Be7 23. e4 Re8 24. Rc7 dxe4 25. Nc4+ Kd5 26. a4 Bc5 27. b7 Rb8 28. Na5 Kd6 29. Rc8 Ba7 30. Nc4+ Kd7 31. Ne5+ Kd6 32. Nxf7+ Ke7 33. Rc7+ Kf6 34. a5 e5 35. a6 h6 36. Kf1 Ke6 37. Nxe5 Kxe5 38. Rc8 Kd6 39. Ke2 Kd7 40. Rxb8 Bxb8 41. Ke3 Kc6 42. Kxe4 Kb6 43. f4 g6 44. h4 h5 45. f5 gxf5+ 46. Kxf5 Kxa6 47. Kg5 Kxb7 48. Kxh5 Kc8 49. g4 Kd7 50. Kg6 Bg3 51. h5 Ke8 52. h6 Kf8 53. g5 Kg8 54. Kh5 Bf4 55. Kg4 Bxg5 56. Kxg5 Kh8 57. Kg6 Kg8   {Game drawn by mutual agreement} 1/2-1/2

[Event "Team 45 45 League T27"]
[Site "Free Internet Chess Server"]
[Date "PDT.07.0"]
[Round "3"]
[White "HotDonut"]
[Black "nitedozer"]
[Result "1-0"]
[WhiteElo "1885"]
[BlackElo "1873"]
[TimeControl "2700+45"]

1. e4 g6 2. d4 d6 3. Nc3 c6 4. Be3 Bg7 5. Be2 Nd7 6. Qd2 e5 7. f4 Qc7 8. Nf3 Ne7 9. O-O O-O 10. Ng5 Nb6 11. a4 a5 12. Rf2 f6 13. dxe5 dxe5 14. Bxb6 Qxb6 15. Bc4+ Nd5 16. Nxd5 Qxb2 17. Raf1 fxg5 18. Nc7+ Kh8 19. fxg5 Rxf2 20. Qd8+ Bf8 21. Qxf8+ Rxf8 22. Rxf8+ Kg7 23. Rg8#   {Black checkmated} 1-0

[Event "Team 45 45 League T27"]
[Site "Free Internet Chess Server"]
[Date "PDT.07.0"]
[Round "3"]
[White "shamrockshire"]
[Black "JDFitzpat"]
[Result "0-1"]
[WhiteElo "1921"]
[BlackElo "1891"]
[TimeControl "2700+45"]

1. e4 d5 2. d4 dxe4 3. Nc3 Nf6 4. f3 e3 5. Bxe3 Bf5 6. Bd3 e6 7. Bxf5 exf5 8. Nge2 Bd6 9. O-O O-O 10. Qd3 Qd7 11. Rad1 Nc6 12. a3 Rfe8 13. Rfe1 Ne7 14. Bc1 c6 15. b4 Qc7 16. g3 g6 17. Bg5 Nh5 18. Kg2 a5 19. Bxe7 Rxe7 20. d5 Rd7 21. dxc6 bxc6 22. b5 Rad8 23. Qc4 cxb5 24. Qxc7 Bxc7 25. Rxd7 Rxd7 26. Nxb5 Bb6 27. c3 Re7 28. Kf1 Re3 29. Ng1 Rxe1+ 30. Kxe1 Bxg1 31. c4 Bxh2 32. c5 Bxg3+ 33. Kd2 Nf4 34. Nd6 Ne6 35. Nb7 Bc7 36. Kd3 Kf8 37. Kc4 Ke7 38. Kb5 Kd7 39. c6+ Kc8 40. Nxa5 Bxa5 41. Kxa5 Kc7 42. Ka6 Kxc6 43. f4 h5 44. a4 Nc5+ 45. Ka5 h4 46. Kb4 Nxa4 47. Ka5 h3 48. Ka6 h2 49. Ka7 h1=Q 50. Ka6 Qb1 51. Ka7 Qb7#   {White checkmated} 0-1

[Event "Team 45 45 League T27"]
[Site "Free Internet Chess Server"]
[Date "2005.06.30"]
[Round "3"]
[White "malevolentmick"]
[Black "muralimohan"]
[Result "0-1"]
[WhiteElo "1817"]
[BlackElo "1950"]
[TimeControl "2700+45"]

1. e4 c5 2. Nf3 Nc6 3. d4 cxd4 4. Nxd4 Nf6 5. Nc3 d6 6. Be2 e6 7. O-O Be7 8. Kh1 O-O 9. Be3 Bd7 10. f4 a6 11. Qe1 b5 12. a3 Qc7 13. Qg3 Rac8 14. e5 Ne8 15. Nf3 f6 16. Rad1 Na5 17. Bd3 Nc4 18. Bc1 dxe5 19. fxe5 f5 20. Rfe1 Qb7 21. Ne2 Bc6 22. Ned4 Bd5 23. Ng5 Bxg5 24. Qxg5 Rf7 25. Ne2 Nxe5 26. Nf4 Ng4 27. Rd2 Nc7 28. Nxd5 Qxd5 29. Be4 Qc5 30. h3 Nf2+ 31. Rxf2 Qxf2 32. Re3 fxe4 33. Rxe4 Qf5   {White resigns} 0-1

[Event "Team 45 45 League T27"]
[Site "Free Internet Chess Server"]
[Date "PDT.07.0"]
[Round "3"]
[White "noHz"]
[Black "Pawns"]
[Result "1-0"]
[WhiteElo "1838"]
[BlackElo "1777"]
[TimeControl "2700+45"]

1. e4 e5 2. Nf3 Nc6 3. Bb5 a6 4. Ba4 Nf6 5. O-O b5 6. Bb3 d6 7. c3 Be7 8. h3 Bb7 9. Re1 Na5 10. Bc2 c5 11. d4 cxd4 12. cxd4 Nc6 13. d5 Nb4 14. Nbd2 Nxc2 15. Qxc2 Rc8 16. Qb3 O-O 17. a4 Qa5 18. Ra2 Qb6 19. axb5 axb5 20. Nf1 Ba6 21. Be3 Qb7 22. Rea1 Ra8 23. Ng3 Rfc8 24. Nf5 Bf8 25. Nd2 Nd7 26. Qd1 g6 27. Nh6+ Kg7 28. b4 Nb6 29. Qf3 f6 30. Ng4 Be7 31. Bh6+ Kf7 32. Ne3 Bf8 33. Bg5 Bg7 34. Ng4 Nd7 35. Nb3 Rc4 36. Bd2 Qc8 37. Ne3 Rc7 38. Na5 Nb6 39. Nc6 Bb7 40. Na7 Qe8 41. Qe2 Nc4 42. Nxc4 Rxc4 43. Ra5 Kg8 44. Nxb5 Rxa5 45. Rxa5 Ba6 46. Qxc4   {Black resigns} 1-0